PIO (24 & UNDER)
SURREY SINNERS @ JASPER COUGARS
04/19/2030
 
TOP OF THE 1ST
Surrey Sinners batting - Pitching for Jasper Cougars : RHP Bret Hendricks
Pitching: RHP Bret Hendricks
Batting: LHB Martín Garza 0-0: Foul Ball, location: 2F
0-1: Ball
1-1: Foul Ball, location: 2F
1-2: Ground out 5-3 (Groundball, 56)
Batting: LHB Robert Mann 0-0: Swinging Strike
0-1: Foul Ball, location: 2F
0-2: Ball
1-2: Ball
2-2: Foul Ball, location: 2F
2-2: Strikes out looking
Batting: LHB Carlos Hernández 0-0: Foul Ball, location: 2F
0-1: Called Strike
0-2: Ball
1-2: Fly out, F8 (Line Drive, 78D)
Top of the 1st over - 0 runs, 0 hits, 0 errors, 0 left on base; Surrey 0 - Jasper 0
BOTTOM OF THE 1ST
Jasper Cougars batting - Pitching for Surrey Sinners : LHP Mauro Muńíz
Pitching: LHP Mauro Muńíz
Batting: RHB Júlio González 0-0: Ball
1-0: Ball
2-0: Called Strike
2-1: Swinging Strike
2-2: Strikes out swinging
Batting: RHB Ben Wilson 0-0: Called Strike
0-1: Swinging Strike
0-2: Foul Ball, location: 2F
0-2: Ball
1-2: Ball
2-2: Ball
3-2: Foul Ball, location: 2F
3-2: Base on Balls
Batting: LHB Iván Soriano 0-0: Ball
1-0: Called Strike
1-1: Ball
2-1: Ball
3-1: Foul Ball, location: 2F
3-2: Base on Balls
Ben Wilson to second
Batting: LHB Luis García 0-0: Ball
1-0: Called Strike
1-1: Swinging Strike
1-2: Fly out, F7 (Flyball, 7S)
Batting: RHB Brent Allen 0-0: Called Strike
0-1: SINGLE (Line Drive, 56D)
Ben Wilson to third
Iván Soriano to second
Runner from 3rd tries for Home, SAFE, no throw
Batting: RHB Félix Sandoval 0-0: Called Strike
0-1: Foul Ball, location: 2F
0-2: Foul Ball, location: 2F
0-2: Ball
1-2: SINGLE (Groundball, 56D)
Iván Soriano to third
Brent Allen to second
Runner from 3rd tries for Home, SAFE, no throw
Batting: SHB Kel Davis 0-0: Called Strike
0-1: Ball
1-1: Called Strike
1-2: Strikes out looking
Bottom of the 1st over - 2 runs, 2 hits, 0 errors, 2 left on base; Surrey 0 - Jasper 2
TOP OF THE 2ND
Surrey Sinners batting - Pitching for Jasper Cougars : RHP Bret Hendricks
Batting: RHB Dennis House 0-0: Called Strike
0-1: Ball
1-1: Fly out, F6 (Line Drive, 6)
Batting: LHB Joe Spears 0-0: Ball
1-0: Ball
2-0: Ball
3-0: Base on Balls
Batting: RHB Jorge Barrios 0-0: Ball
1-0: Ball
2-0: SINGLE (Line Drive, 7S)
Joe Spears to second
Batting: RHB Don Jackson 0-0: Ball
Passed Ball!
Joe Spears to third
Jorge Barrios to second
1-0: SINGLE (Line Drive, 6MD)
Joe Spears scores
Jorge Barrios to third
Batting: LHB Pedro Fernández 0-0: Ball
1-0: Fly out, F4 (Popup, 4MD)
Batting: RHB Tim van der Kamp 0-0: Fielders Choice at 2nd, 5-4 (Groundball, 5)
Top of the 2nd over - 1 run, 2 hits, 0 errors, 2 left on base; Surrey 1 - Jasper 2
BOTTOM OF THE 2ND
Jasper Cougars batting - Pitching for Surrey Sinners : LHP Mauro Muńíz
Batting: RHB Alberto Morín 0-0: Fly out, F8 (Line Drive, 8LD)
Batting: RHB Alberto Castillo 0-0: Ball
1-0: Ball
2-0: Called Strike
2-1: SINGLE (Groundball, 56) (infield hit)
Batting: RHB Júlio González 0-0: Ball
1-0: Swinging Strike
1-1: Ball
2-1: Foul Ball, location: 2F
2-2: SINGLE (Groundball, 4M) (infield hit)
Alberto Castillo to second
Batting: RHB Ben Wilson 0-0: Ball
1-0: Foul Ball, location: 2F
1-1: Swinging Strike
1-2: Foul Ball, location: 2F
1-2: Ball
2-2: Fly out, F9 (Flyball, 9)
Runner from 2nd tags up, SAFE at 3rd with throw
Batting: LHB Iván Soriano 0-0: Foul Ball, location: 2F
0-1: Ball
1-1: Ball
2-1: Ball
3-1: Base on Balls
Júlio González to second
Batting: LHB Luis García 0-0: Ball
1-0: SINGLE (Line Drive, 6MD)
Alberto Castillo scores
Júlio González to third
Iván Soriano to second
Runner from 3rd tries for Home, SAFE, no throw
Pitching: RHP Walter Shelton
Batting: RHB Brent Allen 0-0: Ball
1-0: Ball
2-0: Ball
3-0: Called Strike
3-1: Fielders Choice at 2nd, 6-4 (Groundball, 6)
Bottom of the 2nd over - 2 runs, 3 hits, 0 errors, 2 left on base; Surrey 1 - Jasper 4
TOP OF THE 3RD
Surrey Sinners batting - Pitching for Jasper Cougars : RHP Bret Hendricks
Batting: LHB Martín Garza 0-0: Ball
1-0: Called Strike
1-1: Foul Ball, location: 2F
1-2: Foul Ball, location: 2F
1-2: Foul Ball, location: 2F
1-2: Foul Ball, location: 2F
1-2: Ground out 1-3 (Groundball, 15S)
Batting: LHB Robert Mann 0-0: Foul Ball, location: 2F
0-1: Ball
1-1: Called Strike
1-2: Ball
2-2: Ball
3-2: Strikes out looking
Batting: LHB Carlos Hernández 0-0: Ground out 4-3 (Groundball, 4)
Top of the 3rd over - 0 runs, 0 hits, 0 errors, 0 left on base; Surrey 1 - Jasper 4
BOTTOM OF THE 3RD
Jasper Cougars batting - Pitching for Surrey Sinners : RHP Walter Shelton
Batting: RHB Félix Sandoval 0-0: Called Strike
0-1: Ball
1-1: Ball
2-1: SINGLE (Flyball, 89M)
Batting: SHB Kel Davis 0-0: Ball
1-0: Ball
2-0: Ball
3-0: Base on Balls
Félix Sandoval to second
Batting: RHB Alberto Morín 0-0: Called Strike
0-1: Grounds into double play, 6-4-3 (Groundball, 6)
Félix Sandoval to third
Batting: RHB Alberto Castillo 0-0: Ball
1-0: Ball
2-0: Called Strike
2-1: Ball
3-1: Foul Ball, location: 2F
3-2: SINGLE (Line Drive, 78S)
Félix Sandoval scores
Batting: RHB Júlio González 0-0: Called Strike
0-1: Swinging Strike
0-2: Foul Ball, location: 2F
0-2: Strikes out swinging
Bottom of the 3rd over - 1 run, 2 hits, 0 errors, 1 left on base; Surrey 1 - Jasper 5
TOP OF THE 4TH
Surrey Sinners batting - Pitching for Jasper Cougars : RHP Bret Hendricks
Batting: RHB Dennis House 0-0: Fly out, F7 (Flyball, 7D)
Batting: LHB Joe Spears 0-0: Called Strike
0-1: DOUBLE (Line Drive, 7LS)
Batting: RHB Jorge Barrios 0-0: Ball
1-0: Foul Ball, location: 2F
1-1: Swinging Strike
1-2: Ball
Wild Pitch!
Joe Spears to third
2-2: Foul Ball, location: 2F
2-2: Strikes out looking
Batting: RHB Don Jackson 0-0: SINGLE (Groundball, 2R) (infield hit)
Joe Spears scores
Batting: LHB Pedro Fernández 0-0: Ball
1-0: Called Strike
1-1: Ball
2-1: Ball
3-1: DOUBLE (Line Drive, 89M)
Don Jackson to third
Runner from 3rd tries for Home, SAFE, no throw
Batting: RHB Tim van der Kamp 0-0: Foul Ball, location: 2F
0-1: Ball
1-1: SINGLE (Line Drive, 34)
Pedro Fernández to third
Runner from 3rd tries for Home, SAFE, throw made home
Batting: LHB Martín Garza 0-0: Ball
Tim van der Kamp steals 2nd base
1-0: Ball
2-0: Ground out 4-3 (Groundball, 4)
Top of the 4th over - 3 runs, 4 hits, 0 errors, 1 left on base; Surrey 4 - Jasper 5
BOTTOM OF THE 4TH
Jasper Cougars batting - Pitching for Surrey Sinners : RHP Walter Shelton
Batting: RHB Ben Wilson 0-0: Ball
1-0: Swinging Strike
1-1: Fly out, F8 (Flyball, 8RD)
Batting: LHB Iván Soriano 0-0: Ball
1-0: Ball
2-0: Ball
3-0: Base on Balls
Batting: LHB Luis García 0-0: Ball
1-0: Ball
2-0: Ball
3-0: Called Strike
3-1: Foul Ball, location: 2F
3-2: Fly out, F9 (Flyball, 9D)
Batting: RHB Brent Allen 0-0: Called Strike
0-1: Swinging Strike
0-2: Ball
1-2: Fly out, F9 (Flyball, 9S)
Bottom of the 4th over - 0 runs, 0 hits, 0 errors, 1 left on base; Surrey 4 - Jasper 5
TOP OF THE 5TH
Surrey Sinners batting - Pitching for Jasper Cougars : RHP Bret Hendricks
Batting: LHB Robert Mann 0-0: Swinging Strike
0-1: Foul Ball, location: 2F
0-2: Hit by Pitch
Batting: LHB Carlos Hernández 0-0: Ball
1-0: Ball
2-0: Foul Ball, location: 2F
2-1: Ball
3-1: Base on Balls
Robert Mann to second
Batting: RHB Dennis House 0-0: 3-RUN HOME RUN (Flyball, 7LD), Distance : 329 ft
Batting: LHB Joe Spears 0-0: Fly out, F8 (Line Drive, 78M)
Batting: RHB Jorge Barrios 0-0: Foul Ball, location: 2F
0-1: Ball
1-1: Called Strike
1-2: Ball
2-2: Strikes out swinging
Batting: RHB Don Jackson 0-0: Foul Ball, location: 2F
0-1: Ball
1-1: Ball
2-1: Called Strike
2-2: Foul Ball, location: 2F
2-2: Foul Ball, location: 2F
2-2: Ball
3-2: Strikes out looking
Top of the 5th over - 3 runs, 1 hit, 0 errors, 0 left on base; Surrey 7 - Jasper 5
BOTTOM OF THE 5TH
Jasper Cougars batting - Pitching for Surrey Sinners : RHP Walter Shelton
Batting: RHB Félix Sandoval 0-0: Ball
1-0: Fly out, F9 (Flyball, 89D)
Batting: SHB Kel Davis 0-0: Ball
1-0: Ground out U3 (Groundball, 34)
Batting: RHB Alberto Morín 0-0: Ball
1-0: Fly out, F4 (Popup, 4)
Bottom of the 5th over - 0 runs, 0 hits, 0 errors, 0 left on base; Surrey 7 - Jasper 5
TOP OF THE 6TH
Surrey Sinners batting - Pitching for Jasper Cougars : RHP Bret Hendricks
Pitching: LHP Ángel Gonzáles
Batting: LHB Pedro Fernández 0-0: Ball
1-0: Called Strike
1-1: Called Strike
1-2: Ball
2-2: Strikes out looking
Batting: RHB Tim van der Kamp 0-0: Called Strike
0-1: Foul Ball, location: 2F
0-2: Foul Ball, location: 2F
0-2: Strikes out swinging
Batting: LHB Martín Garza 0-0: Ball
1-0: Called Strike
1-1: SINGLE (Line Drive, 89M)
Batting: LHB Robert Mann 0-0: Ball
1-0: Called Strike
1-1: Ball
2-1: Swinging Strike
2-2: Foul Ball, location: 2F
2-2: Foul Ball, location: 2F
2-2: Ball
3-2: Base on Balls
Martín Garza to second
Batting: LHB Carlos Hernández 0-0: Called Strike
0-1: Foul Ball, location: 2F
0-2: Ball
1-2: Foul Ball, location: 2F
1-2: Ball
2-2: Strikes out looking
Top of the 6th over - 0 runs, 1 hit, 0 errors, 2 left on base; Surrey 7 - Jasper 5
BOTTOM OF THE 6TH
Jasper Cougars batting - Pitching for Surrey Sinners : RHP Walter Shelton
Batting: RHB Alberto Castillo 0-0: Called Strike
0-1: Ball
1-1: Ball
2-1: Foul Ball, location: 2F
2-2: Ball
3-2: Fly out, F9 (Flyball, 9D)
Batting: RHB Júlio González 0-0: Called Strike
0-1: Ball
1-1: Foul Ball, location: 2F
1-2: Foul Ball, location: 2F
1-2: Ball
2-2: Ground out 4-3 (Groundball, 34D)
Batting: RHB Ben Wilson 0-0: Called Strike
0-1: Fly out, F7 (Flyball, 7S)
Bottom of the 6th over - 0 runs, 0 hits, 0 errors, 0 left on base; Surrey 7 - Jasper 5
TOP OF THE 7TH
Surrey Sinners batting - Pitching for Jasper Cougars : LHP Ángel Gonzáles
Batting: RHB Dennis House 0-0: Ball
1-0: Fly out, F7 (Flyball, 7LDF)
Batting: LHB Joe Spears 0-0: Ball
1-0: Ball
2-0: Ball
3-0: Called Strike
3-1: Swinging Strike
3-2: Strikes out swinging
Batting: RHB Jorge Barrios 0-0: Ball
1-0: Called Strike
1-1: Reached on error, E6 (Groundball, 6)
Batting: RHB Don Jackson 0-0: Swinging Strike
0-1: Foul Ball, location: 2F
0-2: Ball
1-2: Ball
2-2: Ball
3-2: Base on Balls
Pinch Hitting: RHB Jeff Buck 0-0: Ball
1-0: Ball
2-0: Fielders Choice at 2nd, 6-4 (Groundball, 6)
Top of the 7th over - 0 runs, 0 hits, 1 error, 2 left on base; Surrey 7 - Jasper 5
BOTTOM OF THE 7TH
Jasper Cougars batting - Pitching for Surrey Sinners : RHP Walter Shelton
Now in RF: Jeff Buck
Batting: LHB Iván Soriano 0-0: Ball
1-0: Called Strike
1-1: Foul Ball, location: 2F
1-2: Ball
2-2: Strikes out swinging
Batting: LHB Luis García 0-0: Ball
1-0: Ball
2-0: Called Strike
2-1: Ball
3-1: SINGLE (Line Drive, 9S)
Pitching: RHP Mike Alexander
Batting: RHB Brent Allen 0-0: Ball
1-0: Called Strike
1-1: Ball
2-1: SINGLE (Line Drive, 6D)
Luis García to second
Pinch Hitting: LHB John Miller 0-0: Swinging Strike
0-1: Ball
1-1: Ball
2-1: Ball
3-1: Called Strike
3-2: Fly out, F4 (Line Drive, 4)
Batting: SHB Kel Davis 0-0: Ball
1-0: Ball
2-0: Ball
3-0: Base on Balls
Luis García to third
Brent Allen to second
Pinch Hitting: RHB Richie Sawyer 0-0: Hit by Pitch
Luis García scores
Brent Allen to third
Kel Davis to second
Batting: RHB Alberto Castillo 0-0: Ball
1-0: SINGLE (Groundball, 56D) - runner OUT being hit by batted ball.
Bottom of the 7th over - 1 run, 3 hits, 0 errors, 2 left on base; Surrey 7 - Jasper 6
TOP OF THE 8TH
Surrey Sinners batting - Pitching for Jasper Cougars : LHP Ángel Gonzáles
Now at 1B: Richie Sawyer
Now at 2B: Leon Malone
Batting: RHB Tim van der Kamp 0-0: Called Strike
0-1: Ball
1-1: Foul Ball, location: 2F
1-2: Ground out 5-3 (Groundball, 56)
Batting: LHB Martín Garza 0-0: Ball
1-0: Called Strike
1-1: Ball
2-1: Ball
3-1: Foul Ball, location: 2F
3-2: Ground out 4-3 (Groundball, 4M)
Batting: LHB Robert Mann 0-0: Called Strike
0-1: Ball
1-1: Foul Ball, location: 2F
1-2: Strikes out looking
Top of the 8th over - 0 runs, 0 hits, 0 errors, 0 left on base; Surrey 7 - Jasper 6
BOTTOM OF THE 8TH
Jasper Cougars batting - Pitching for Surrey Sinners : RHP Mike Alexander
Batting: RHB Júlio González 0-0: Ball
1-0: Called Strike
1-1: Swinging Strike
1-2: Foul Ball, location: 2F
1-2: Ball
2-2: Ground out 4-3 (Groundball, 34)
Batting: RHB Ben Wilson 0-0: Called Strike
0-1: Ball
1-1: Ball
2-1: Ball
3-1: Fly out, F3 (Popup, 3SF)
Batting: LHB Iván Soriano 0-0: Ball
1-0: Ball
2-0: Ball
3-0: Base on Balls
Pitching: LHP José Morales
Pinch Runner at 1st Jerry Young:
Pinch Hitting: RHB Donald Fenner 0-0: Ball
1-0: Called Strike
1-1: Ground out 1-3 (Groundball, P)
Bottom of the 8th over - 0 runs, 0 hits, 0 errors, 1 left on base; Surrey 7 - Jasper 6
TOP OF THE 9TH
Surrey Sinners batting - Pitching for Jasper Cougars : LHP Ángel Gonzáles
Pitching: RHP Cipriano Román
Now at 3B: Donald Fenner
Batting: LHB Carlos Hernández 0-0: Foul Ball, location: 2F
0-1: Ball
1-1: Fly out, F7 (Flyball, 7)
Batting: RHB Dennis House 0-0: Ground out 6-3 (Groundball, 6)
Batting: LHB Joe Spears 0-0: Foul Ball, location: 2F
0-1: Foul Ball, location: 2F
0-2: Ball
1-2: Ball
2-2: TRIPLE (Flyball, 9LD)
Batting: RHB Jorge Barrios 0-0: Fly out, F8 (Flyball, 89D)
Top of the 9th over - 0 runs, 1 hit, 0 errors, 1 left on base; Surrey 7 - Jasper 6
BOTTOM OF THE 9TH
Jasper Cougars batting - Pitching for Surrey Sinners : LHP José Morales
Pitching: LHP Anthony Blackwell
Now at 1B: Patrick Ferguson
Now at 3B: Robert Sipple
Batting: RHB Brent Allen 0-0: Ball
1-0: Swinging Strike
1-1: Called Strike
1-2: SINGLE (Groundball, 4D)
Batting: LHB Leon Malone 0-0: Ball
1-0: SINGLE (Groundball, 34D)
Brent Allen to second
Runner from 2nd tries for 3rd, SAFE, no throw
Batting: SHB Kel Davis 0-0: Called Strike
0-1: Ground out 5-3 (Groundball, 56)
Leon Malone to second
Batting: RHB Richie Sawyer 0-0: Ball
1-0: Foul Ball, location: 2F
1-1: Foul Ball, location: 2F
1-2: Strikes out looking
Batting: RHB Alberto Castillo 0-0: Ball
1-0: Ball
2-0: Ball
3-0: Base on Balls
Batting: RHB Júlio González 0-0: SINGLE (Groundball, 34D)
Brent Allen scores
Leon Malone to third
Alberto Castillo to second
Runner from 3rd tries for Home, SAFE, no throw
Saturday, April 7th, 2018 - OOTP Baseball 18.8 Build 76